AoeStats
← faysaladn

Arabia

509587911Analyzed
1v1 RM · 4d ago on Sep 27, 2026· 32m 26s· 2 players
Game mode
Random Map
Map size
Tiny (2 player)
Population
200
Speed
Normal
Resources
Standard
Victory
Conquest
Starting age
Dark Age
Ending age
Imperial Age
RankedLock teamsTeams togetherTeam positionsShared explorationLock speedFull tech treeHidden civsTurbo modeCheats
Victory
Defeat
🇦🇷 Byzantines · Argentina
952
+16
🇹🇷 Goths · Türkiye
954
-16
tiensogol
8:52 Feudal Age
7:08 Loom
22:04 Fletching
23:23 Double-Bit Axe
27:45 Castle Age
26:02 Padded Archer Armor
31:27 Castle Age
31:35 Crossbowman
32:13 Bodkin Arrow
faysaladn
0:57 Loom
10:55 Feudal Age
11:18 Man-at-Arms
14:46 Scale Mail Armor
22:32 Horse Collar
22:40 Double-Bit Axe
22:46 Gold Mining
Connection lost

Rejoining the realm…

Still unreachable

The connection could not be restored.

Session expired

The server has moved on; the page needs a fresh start.